 Dungeon Crawl Stone Soup version 0.26-a0-712-ga5a9c9c9d0 (webtiles) character file.

Game seed: 13700329738893418481

245 xcbs the Skirmisher (level 6, 0/67 HPs)
             Began as an Ogre Berserker on Nov 6, 2020.
             Was a Believer of Trog.
             Slain by a goblin (2 damage)
             ... led by Robin
             ... on level 2 of the Dungeon.
             The game lasted 00:07:22 (1631 turns).

xcbs the Skirmisher (Ogre Berserker)                Turns: 1631, Time: 00:07:22

Health: 0/67       AC:  3    Str: 22    XL:     6   Next: 10%
Magic:  6/6        EV: 11    Int:  8    God:    Trog [**....]
Gold:   101        SH:  0    Dex: 10    Spells: 5/5 levels left

rFire    . . .     SeeInvis .   j - +0 broad axe
rCold    . . .     Faith    .   (no shield)
rNeg     . . .     Spirit   .   b - +0 animal skin
rPois    .         Reflect  .   (helmet restricted)
rElec    .         Harm     .   (no cloak)
rCorr    .         Rampage  .   (gloves unavailable)
MR       .....                  (boots unavailable)
Stlth    +.........             (no amulet)
HPRegen  0.21/turn              (no ring)
MPRegen  0.10/turn              (no ring)

@: berserk cooldown, stab
A: large, unfitting armour, tough skin 1
a: Berserk, Trog's Hand, Renounce Religion


You were on level 2 of the Dungeon.
You worshipped Trog.
Trog was pleased with you.
You visited 1 branch of the dungeon, and saw 2 of its levels.

You collected 101 gold pieces.

Inventory:

Hand Weapons
 a - a +0 hand axe
 j - a +0 broad axe (weapon)
Armour
 b - a +0 animal skin (worn)
Scrolls
 c - a scroll of immolation {unknown}
 g - a scroll of remove curse {unknown}
 h - a scroll of fog {unknown}
 i - 2 scrolls of identify {unknown}
Potions
 d - a potion of stabbing
 e - a potion of magic {unknown}
 f - a potion of lignification {unknown}


   Skills:
 * Level 6.0 Fighting
 + Level 3.9 Axes
 - Level 1.2 Armour
 * Level 4.2 Dodging


You had 5 spell levels left.
You didn't know any spells.
Your spell library was empty.

Dungeon Overview and Level Annotations

Branches:
Dungeon (2/15)

Altars:


Innate Abilities, Weirdness & Mutations

You are too large for most types of armour.
You have tough skin. (AC +1)


Message History

The frilled lizard bites you.
* * * LOW HITPOINT WARNING * * *
The goblin closely misses you.
You barely miss the frilled lizard. You closely miss the goblin.
The frilled lizard closely misses you. The goblin barely misses you.
The frilled lizard barely misses you.
You miss the frilled lizard. You completely miss the goblin.
The goblin barely misses you. The frilled lizard barely misses you.
You closely miss the frilled lizard. You closely miss the goblin.
The goblin closely misses you. The frilled lizard bites you.
* * * LOW HITPOINT WARNING * * *
The goblin barely misses you.
You barely miss the frilled lizard. You closely miss the goblin.
The frilled lizard bites you but does no damage.
The goblin hits you but does no damage. The frilled lizard bites you.
* * * LOW HITPOINT WARNING * * *
You closely miss the frilled lizard. You completely miss the goblin.
The goblin closely misses you. The frilled lizard misses you.
The goblin hits you.
You die...

#.##.#.# #.?...# #.##.#.#
#.....# #.#.#.##.#.#
#.....# #.#.#.##.#.##
#.....# #.#.#.#......
#.....# #.#.#.#......
.... #.#.#.'..)... #.##
#.#.###....## #g@# #.#.#
#....#
.########l####.#.###....#
....g...............>...#
..g......#.###.#.#.#....#
.........#..##.#.#.####.#
..gg.....##.##.#.#.# #.#
.##............#...####.#
#.....####.###.#...##.#
#..♣..# #.<#......'..#


You could see a goblin and a frilled lizard.

Vanquished Creatures
  An orc warrior (D:2)
  Terence (D:2)
  Natasha (thrice) (D:2)
  Robin (D:2)
  An ooze (D:1)
  A worm (D:2)
  A dart slug (D:1)
  A giant cockroach (D:2)
  10 goblins
  6 hobgoblins
  3 kobolds (D:1)
  A quokka (D:2)
  5 bats (D:1)
  4 frilled lizards
  5 rats (D:1)
44 creatures vanquished.

Notes
Turn   | Place    | Note
-------+----------+-------------------------------------------
     0 | D:1      | xcbs the Ogre Berserker began the quest for the Orb.
     0 | D:1      | Reached XP level 1. HP: 24/24 MP: 1/1
   276 | D:1      | Reached XP level 2. HP: 19/32 MP: 2/2
   996 | D:1      | Reached XP level 3. HP: 32/40 MP: 3/3
  1065 | D:2      | Noticed Natasha
  1069 | D:2      | Noticed an orc warrior
  1073 | D:2      | Killed Natasha
  1080 | D:2      | HP: 2/60 [orc warrior/+0 broad axe (20)]
  1081 | D:2      | Killed an orc warrior
  1081 | D:2      | Reached skill level 5 in Fighting
  1081 | D:2      | Reached skill level 1 in Armour
  1081 | D:2      | Reached XP level 4. HP: 2/50 MP: 4/4
  1081 | D:2      | Reached XP level 5. HP: 3/57 MP: 5/5
  1161 | D:2      | Noticed Natasha
  1167 | D:2      | Killed Natasha
  1346 | D:2      | Noticed Natasha
  1350 | D:2      | Killed Natasha
  1577 | D:2      | Found a faded altar of an unknown god.
  1578 | D:2      | Noticed Terence
  1578 | D:2      | Noticed Robin
  1587 | D:2      | Reached ** piety under Trog
  1597 | D:2      | Killed Terence
  1604 | D:2      | Reached XP level 6. HP: 55/67 MP: 6/6
  1614 | D:2      | Killed Robin
  1614 | D:2      | Reached skill level 6 in Fighting
  1626 | D:2      | HP: 3/67 [frilled lizard (3)]
  1631 | D:2      | Slain by a goblin

Illustrated notes

Levels and vault maps discovered:
D:1:      nzn_arrival_water_spiral, layout_loops_cross
D:2:      layout_basic, chequers_ecumenical_altar_simple, minmay_pentomino_o2,
          uniq_robin, uniq_terence, uniq_natasha

Skill      XL: |  1  2  3  4  5  6 |
---------------+-------------------+-----
Dodging        | 3 4 |  4.2
Fighting       | 5 6 |  6.0
Armour         | 1 |  1.2
Axes           | |  3.9

Action                   |  1- 3 |  4- 6 || total
-------------------------+-------+-------++-------
Melee: Hand axe          |    77 |     5 ||    82
       Broad axe         |       |    59 ||    59
Invok: Berserk           |     1 |     1 ||     2
       Trog's Hand       |       |     1 ||     1
  Use: Potion            |       |     1 ||     1
Armor: Animal skin       |    19 |    15 ||    34
Dodge: Dodged            |    34 |    54 ||    88

Table legend: (Time is in decaauts)
 A = Elapsed time spent in this place.
 B = Non-inter-level travel time spent in this place.
 C = Inter-level travel time spent in this place.
 D = Time resting spent in this place.
 E = Time spent auto-exploring this place.
 F = Levels seen in this place.
 G = Mean time per level.
                   A        B        C        D        E       F      G
               +--------+--------+--------+--------+--------+-----+--------+
         Total |   1693 |   1693 |      0 |     87 |   1301 |   2 |  846.5 |
       Dungeon |   1693 |   1693 |      0 |     87 |   1301 |   2 |  846.5 |
               +--------+--------+--------+--------+--------+-----+--------+

Top non-repeatable levels by time:
     D:1: 1075 daAuts
     D:2: 618 daAuts
